 Dungeon Crawl Stone Soup version 0.29.0-11-gd7f09526c8 (webtiles) character file.

Game seed: 11364793035564850676

223 Zeldest the Ruffian (level 6, -8/53 HPs)
             Began as a Ghoul Fighter on Sept 4, 2022.
             Was an Initiate of Ru.
             Mangled by an ogre
             ... wielding a +0 giant spiked club
              (30 damage)
             ... on level 5 of the Dungeon.
             The game lasted 00:04:31 (1111 turns).

Zeldest the Ruffian (Ghoul Fighter)                 Turns: 1111, Time: 00:04:32

Health: -8/53      AC: 12    Str: 22    XL:     6   Next: 0%
Magic:  5/5        EV:  6    Int:  3    God:    Ru [......]
Gold:   73         SH:  4    Dex:  8    Spells: 5/5 levels left

rFire   . . .      SeeInvis .     - Unarmed
rCold   + . .      Faith    .   b - +0 buckler
rNeg    + + +      Spirit   .   n - +0 plate armour
rPois   ∞          Reflect  .   q - +0 helmet
rElec   .          Harm     .   (no cloak)
rCorr   .          Rampage  .   (no gloves)
Will    .....                   (no boots)
Stlth   ..........              (no amulet)
HPRegen 0.00/turn               (no ring)
MPRegen 0.09/turn               (no ring)

@: inhibited regen
A: claws 1, cold resistance 1, negative energy resistance 3, inhibited
regeneration, torment resistance 2, devour on kill
a: Renounce Religion


You were on level 5 of the Dungeon.
You worshipped Ru.
Ru was noncommittal.
You visited 2 branches of the dungeon, and saw 6 of its levels.

You collected 73 gold pieces.

Inventory:

Missiles
 f - a throwing net (quivered)
 k - 2 curare-tipped darts
Armour
 b - a +0 buckler (worn)
 n - a +0 plate armour (worn)
 q - a +0 helmet (worn)
Scrolls
 a - 2 scrolls of identify {unknown}
 d - a scroll of amnesia {unknown}
 j - a scroll of torment {unknown}
 l - a scroll of acquirement {unknown}
 o - a scroll of silence {unknown}
Potions
 c - a potion of might
 e - a potion of berserk rage {unknown}
 g - a potion of magic {unknown}
 h - 3 potions of lignification {unknown}
 i - a potion of curing
 m - 3 potions of heal wounds {unknown}
 p - a potion of cancellation {unknown}


   Skills:
 + Level 4.5 Fighting
 + Level 3.7 Armour
 - Level 2.6 Shields
 * Level 4.9 Unarmed Combat


You had 5 spell levels left.
You didn't know any spells.
Your spell library was empty.

Dungeon Overview and Level Annotations

Branches:
Dungeon (5/15)             Temple (1/1) D:4

Altars:
Cheibriados
Fedhas
Gozag
Hepliaklqana
Nemelex Xobeh
Ru
Sif Muna
Trog


Innate Abilities, Weirdness & Mutations

You are immune to poison.
You have sharp fingernails.
Your flesh is cold resistant. (rC+)
You are immune to negative energy. (rN+++)
You do not regenerate when monsters are visible.
You are immune to unholy pain and torment.
You thrive by killing the living.


Message History

The jackal barely misses you.
You see here a jackal corpse.
You closely miss the jackal. The jackal closely misses you. x2
You claw the jackal!
You kill the jackal!
You feel better.
You have reached level 6!
You see here a jackal corpse.
Found a scroll labelled KURUL ZUXKAULL.
You see here a scroll labelled KURUL ZUXKAULL.
a - 2 scrolls labelled KURUL ZUXKAULL (gained 1)
An ogre comes into view. It is wielding a +0 giant spiked club.
The ogre shouts!
You hear a shout!
An orc priest comes into view. It is wielding a +0 club.
You hear a shout!
An orc wizard and an orc come into view.
The orc shouts!
The orc wizard moves out of view.
You scratch the ogre.
The ogre is moderately wounded.
The ogre hits you with a +0 giant spiked club!!
The orc hits you from afar with a +0 trident.
You hear a shout!
You scratch the ogre.
The ogre is moderately wounded.
You hear a shout!
The orc barely misses you. The ogre barely misses you.
You scratch the ogre.
The ogre is heavily wounded.
The orc hits you but does no damage.
You scratch the ogre.
The ogre is severely wounded.
You block the ogre's attack.
The orc hits you from afar with a +0 trident.
You scratch the ogre.
The ogre is severely wounded.
The orc barely misses you.
The ogre hits you with a +0 giant spiked club!!
Ouch! That really hurt!
You die...

#...††......+
######......#
#......#
#########......#
...........#####
###.......# #
#.......####
#.###>.........#
#..@O..........#
#.###oo........+
#.###..........#
#..............#
#.#......#.....#
#......#.....#
#o.....# ....#
#......# ####
#.o.......#


You could see an ogre, an orc priest and an orc.

Vanquished Creatures
  A hound (D:4)
  2 orc priests (D:3)
  2 orc wizards
  2 adders
  14 orcs
  A ball python (D:2)
  2 bats
  4 endoplasms
  2 giant cockroaches
  A goblin (D:2)
  4 hobgoblins
  6 jackals
  3 kobolds
  2 quokkas (D:4)
  A frilled lizard (D:1)
  4 rats
51 creatures vanquished.

Vanquished Creatures (others)
  2 fungi (D:2)
  9 plants (D:2)
11 creatures vanquished.

Grand Total: 62 creatures vanquished

Notes
Turn   | Place    | Note
-------+----------+-------------------------------------------
     0 | D:1      | Zeldest the Ghoul Fighter began the quest for the Orb.
     0 | D:1      | Reached XP level 1. HP: 19/19 MP: 0/0
    85 | D:2      | Reached XP level 2. HP: 9/26 MP: 1/1
   250 | D:3      | Reached XP level 3. HP: 27/33 MP: 2/2
   295 | D:1      | Reached XP level 4. HP: 32/40 MP: 3/3
   462 | D:3      | Reached XP level 5. HP: 45/46 MP: 4/4
   559 | D:4      | Found a staircase to the Ecumenical Temple.
   566 | Temple   | Entered the Ecumenical Temple
   704 | D:4      | Found a sacrificial altar of Ru.
   811 | D:4      | Became a worshipper of Ru the Awakened
  1032 | D:5      | Entered Level 5 of the Dungeon
  1078 | D:5      | Reached XP level 6. HP: 42/53 MP: 5/5
  1111 | D:5      | Mangled by an ogre

Illustrated notes

Levels and vault maps discovered:
D:1:      minmay_arrival_wavy_path, layout_loops_ring, serial_shops, shop,
          corner_web_ring, chequers_serial_rivers_small_3, chequers_garden
D:2:      layout_loops_ring, shapermc_ecumenical_altar_mp_urbaneastern,
          minmay_distorted
D:3:      layout_loops_cross, grunt_dithmenos_smoke,
          mainiacjoe_overflow_alcove_4, minmay_box_of_dots
D:4:      nicolae_cairo_tiling_large, layout_gridville, lemuel_round_altar,
          lemuel_doored_altar, minmay_temple_entry_ruins, gammafunk_ghost_grave
D:5:      layout_basic, old_standard_altar, serial_shops, nicolae_diamond_shop,
          minmay_manual_mares
Temple:   nicolae_temple_superstar

Skill      XL: |  1  2  3  4 |
---------------+-------------+-----
Unarmed Combat | 3 4 |  4.9
Armour         | 3 |  3.7
Fighting       | 4 |  4.5
Shields        | |  2.6

Action                   |  1- 3 |  4- 6 || total
-------------------------+-------+-------++-------
Melee: Unarmed           |    63 |   118 ||   181
  Use: Potion            |       |     1 ||     1
Armor: Scale mail        |    31 |     3 ||    34
       Plate armour      |       |    59 ||    59
Dodge: Dodged            |    28 |    40 ||    68
Block: Buckler           |    14 |    18 ||    32
